 Dungeon Crawl Stone Soup version 0.19-a0-1672-g679cadd (webtiles) character file.

472 Ijustatesigmund the Magician (level 6, 0/33 HPs)
             Began as a Deep Elf Conjurer on Sept 22, 2016.
             Succumbed to an orc's poison
             ... on level 4 of the Dungeon.
             The game lasted 00:10:45 (3535 turns).

Ijustatesigmund the Magician (Deep Elf Conjurer)    Turns: 3535, Time: 00:10:46

Health: 0/33       AC:  3    Str: 13    XL:     6   Next: 83%
Magic:  2/16       EV: 14    Int: 22    God:
Gold:   151        SH:  0    Dex: 15    Spells: 5 memorised, 1 level left

rFire  . . .     SeeInvis .     i - +1 dagger (venom)
rCold  . . .     Gourm    .     u - +1 robe {MR+}
rNeg   . . .     Faith    .     (no shield)
rPois  .         Spirit   .     (no helmet)
rElec  .         Dismiss  .     (no cloak)
rCorr  .         Reflect  .     (no gloves)
MR     +....     Harm     .     (no boots)
Stlth  ++........               r - amulet of rage
                                t - +4 ring of slaying
                                q - +3 ring of strength

@: mighty, lethally poisoned (0 -> -7), very slightly contaminated, hasted,
invisible, very quick
A: no striking features
a: Evoke Berserk Rage


You were on level 4 of the Dungeon.
You were not hungry.

You visited 1 branch of the dungeon, and saw 4 of its levels.

You collected 151 gold pieces.

Inventory:

Hand Weapons
 i - a +1 dagger of venom (weapon)
 s - a +0 rapier
Missiles
 j - a throwing net (quivered)
 v - 3 javelins
Armour
 u - a +1 robe of magic resistance (worn)
Magical Staves
 h - an uncursed staff of earth
Jewellery
 q - a +3 ring of strength (left hand)
 r - an amulet of rage (around neck)
 t - a +4 ring of slaying (right hand)
Scrolls
 e - 3 scrolls of remove curse
 m - a scroll of recharging
 o - a scroll of amnesia
Potions
 g - a potion of invisibility
 n - a potion of cancellation
 p - 3 potions of flight
Books
 b - a book of Conjurations

   Spells                             Type                      Level
   a - Magic Dart                     Conjuration                  1
   b - Searing Ray                    Conjuration                  2
   c - Dazzling Spray                 Conjuration/Hexes            3
   d - Fulminant Prism                Conjuration/Hexes            4
   e - Iskenderun's Mystic Blast      Conjuration                  4
   f - Iskenderun's Battlesphere      Conjuration/Charms           5
Comestibles
 a - a chunk of flesh
 c - 5 bread rations
 d - 3 fruits
 k - 2 meat rations
 l - 2 beef jerkies


   Skills:
 - Level 0.5 Fighting
 - Level 3.6 Dodging
 - Level 2.4 Stealth
 + Level 5.9 Spellcasting
 + Level 5.5 Conjurations
 + Level 5.1 Hexes
 * Level 1.9 Charms


You had one spell level left.
You knew the following spells:

 Your Spells              Type           Power        Failure   Level  Hunger
a - Magic Dart            Conj           ####         1%          1    None
b - Searing Ray           Conj           ####..       1%          2    None
c - Dazzling Spray        Conj/Hex       ####..       3%          3    #......
d - Iskenderun's Battles  Conj/Chrm      ###.....     63%         5    #####..
e - Fulminant Prism       Conj/Hex       ####......   12%         4    ###....


Dungeon Overview and Level Annotations

Branches:
Dungeon (4/15)
 Temple: D:4-7

Altars:
Elyvilon
Kikubaaqudgha
Makhleb
Xom


Message History

The orc hits you with a whip of venom.
* * * LOW HITPOINT WARNING * * *
You are lethally poisoned!
It was a potion of invisibility.
You fade into invisibility!
* * * LOW HITPOINT WARNING * * *
You feel sick. The adder skeleton closely misses you.
The orc hits you with a whip of venom.
* * * LOW HITPOINT WARNING * * *
You are very lightly contaminated with residual magic.
It was a potion of might.
You feel very mighty all of a sudden. The adder skeleton misses you.
The orc misses you. The adder skeleton misses you.
You puncture the orc!
You kill the orc!
* * * LOW HITPOINT WARNING * * *
You feel sick. The adder skeleton closely misses you.
It was a potion of haste.
You feel yourself speed up.
You die...

###.#
#.........###............
#...#
#.........##...##########
..### #.........#...##
.## #.........#..## ##
#............# #
##.......#.#.# #
##..........#
####...Z)..# #....@...#
#....†...# #...<...##
##.....## #.......
#.......# #...=...#
##.....##


You could see an adder skeleton.

Vanquished Creatures
  An ogre (D:4)
  2 scorpions (D:4)
  A howler monkey (D:4)
  A crimson imp (D:4)
  A jelly (D:4)
  An orc wizard (D:4)
  2 worker ants (D:4)
  7 adders
  A worm (D:3)
  A dart slug (D:2)
  2 leopard geckos
  3 orcs (D:4)
  3 bats
  4 giant cockroaches
  5 goblins
  A hobgoblin (D:1)
  2 jackals (D:1)
  A quokka (D:3)
  4 frilled lizards
  2 jackal skeletons (D:4)
  8 kobolds
  A quokka skeleton (D:4)
  5 rats
59 creatures vanquished.

Notes
Turn   | Place    | Note
-------+----------+-------------------------------------------
     0 | D:1      | Ijustatesigmund the Deep Elf Conjurer began the quest for the Orb.
     0 | D:1      | Reached XP level 1. HP: 10/10 MP: 6/6
   384 | D:1      | Reached XP level 2. HP: 15/15 MP: 6/8
   388 | D:1      | Learned a level 2 spell: Searing Ray
  1351 | D:2      | Reached XP level 3. HP: 19/19 MP: 4/10
  1666 | D:2      | Learned a level 3 spell: Dazzling Spray
  2176 | D:3      | Reached skill level 1 in Hexes
  2176 | D:3      | Reached XP level 4. HP: 20/24 MP: 5/12
  2338 | D:3      | Found a shimmering altar of Xom.
  2338 | D:3      | Found an ancient bone altar of Kikubaaqudgha.
  2666 | D:3      | Found a burning altar of Makhleb.
  2666 | D:3      | Found a white marble altar of Elyvilon.
  2813 | D:4      | Reached XP level 5. HP: 24/28 MP: 14/14
  2982 | D:4      | Reached skill level 5 in Spellcasting
  3152 | D:4      | Reached skill level 5 in Conjurations
  3258 | D:4      | Reached XP level 6. HP: 33/33 MP: 11/16
  3331 | D:4      | Reached skill level 5 in Hexes
  3376 | D:4      | Learned a level 5 spell: Iskenderun's Battlesphere
  3381 | D:4      | Learned a level 4 spell: Fulminant Prism
  3517 | D:4      | Reached skill level 1 in Charms
  3534 | D:4      | HP: 1/33 [poisoned by an orc]
  3535 | D:4      | Succumbed to an orc's poison

Vault maps used:
D:1:      lightli_arrival_maybe_door_vault
D:2:      first_bread
D:3:      gammafunk_temple_overflow_statue, gammafunk_temple_overflow_wave,
          serial_bayou_pond_d
D:4:      serial_shops, nicolae_shop_crystal

Skill      XL: |  1  2  3  4  5  6 |
---------------+-------------------+-----
Dodging        | 3 |  3.6
Spellcasting   | 4 5 |  5.9
Hexes          | 1 2 4 5 |  5.1
Conjurations   | 5 |  5.5
Charms         | 1 |  1.9
Fighting       | |  0.5
Stealth        | |  2.4

Action                   |  1- 3 |  4- 6 || total
-------------------------+-------+-------++-------
Melee: Short sword       |     1 |       ||     1
       Dagger            |     2 |    16 ||    18
 Cast: Magic Dart        |    62 |    74 ||   136
       Dazzling Spray    |       |     6 ||     6
       Searing Ray       |       |     2 ||     2
  Use: Scroll            |    11 |       ||    11
       Potion            |       |     4 ||     4
 Stab: Sleeping          |     1 |     1 ||     2
       Invisible         |       |     1 ||     1
  Eat: Chunk             |     4 |     2 ||     6
       Pizza             |       |     1 ||     1
Armor: Robe              |     3 |     2 ||     5
Dodge: Dodged            |    10 |    17 ||    27
